 Dungeon Crawl Stone Soup version 0.29-a0-359-g541a27f54d (webtiles) character file.

Game seed: 8919821873986187389

120 jlumianski the Covered (level 4, -6/37 HPs)
             Began as a Demonspawn Fighter on Apr 28, 2022.
             Mangled by an ogre
             ... wielding a +0 giant club
              (20 damage)
             ... on level 3 of the Dungeon.
             The game lasted 00:10:02 (2829 turns).

jlumianski the Covered (Demonspawn Fighter)         Turns: 2829, Time: 00:10:03

Health: -6/37      AC: 10    Str: 18    XL:     4   Next: 75%
Magic:  4/4        EV: 10    Int: 10    God:
Gold:   67         SH:  5    Dex: 14    Spells: 3/3 levels left

rFire   . . .      SeeInvis .   a - +0 war axe
rCold   . . .      Faith    .   c - +0 buckler
rNeg    + . .      Spirit   .   y - +2 ring mail {Will+}
rPois   .          Reflect  .   t - +0 helmet
rElec   .          Harm     .   n - scarf {shadows}
rCorr   .          Rampage  .   i - +0 pair of gloves
Will    +....                   (no boots)
Stlth   ++........              (no amulet)
HPRegen 0.12/turn               e - ring of positive energy
MPRegen 0.09/turn               (no ring)

@: no status effects
A: thin skeletal structure 1, powered by death 1
a: no special abilities


You were on level 3 of the Dungeon.
You visited 1 branch of the dungeon, and saw 5 of its levels.

You collected 67 gold pieces.

Inventory:

Hand Weapons
 a - a +0 war axe (weapon)
 s - a +4 short sword
Missiles
 f - 61 stones (quivered)
 j - 3 javelins
 r - 6 poisoned darts
Armour
 b - a +0 scale mail
 c - a +0 buckler (worn)
 g - a +0 chain mail
 i - a +0 pair of gloves (worn)
 k - a +1 scale mail of cold resistance
 n - a scarf of shadows (worn)
 t - a +0 helmet (worn)
 y - a +2 ring mail of willpower (worn)
Jewellery
 e - a ring of positive energy (left hand)
 w - a ring of see invisible
 x - an amulet of magic regeneration
Wands
 d - a wand of paralysis (3)
Scrolls
 l - a scroll of enchant armour {unknown}
 o - a scroll of noise {unknown}
 u - a scroll of identify
 v - a scroll of magic mapping {unknown}
Potions
 h - a potion of curing
 m - a potion of haste {unknown}
 p - a potion of resistance {unknown}
 q - a potion of attraction {unknown}


   Skills:
 + Level 3.6 Fighting
 + Level 2.2 Axes
 + Level 4.1 Armour
 + Level 0.4 Dodging
 + Level 0.2 Stealth
 + Level 2.9 Shields


You had 3 spell levels left.
You didn't know any spells.
Your spell library contained the following spells:

 Spells                   Type           Power      Damage    Failure   Level
 Shock                    Conj/Air       0%         1d3       65%         1
 Swiftness                Air            0%         N/A       95%         3
 Airstrike                Air            0%         N/A       100%        4


Dungeon Overview and Level Annotations

Branches:
Dungeon (5/15)
 Temple: D:4-7

Altars:

Shops:
D:2 :


Innate Abilities, Weirdness & Mutations

You have a somewhat thin skeletal structure. (Dex +2, Stealth+)
You regenerate a little health from kills.


Message History

a +0 whip; a kobold corpse An ogre comes into view.
It is wielding a +0 giant club.
The ogre shouts!
Throw: 64 stones
Press: ? - help, Q - select action, (/) - cycle Shift-Dir - straight line, f - ogre
Aim: an ogre, wielding a +0 giant club (74% to hit)
You throw a stone.
The stone hits the ogre but does no damage.
Throw: 63 stones
Press: ? - help, Q - select action, (/) - cycle Shift-Dir - straight line, f/p - ogre
Aim: an ogre, wielding a +0 giant club (74% to hit)
You throw a stone. The stone hits the ogre.
The ogre is lightly wounded.
Throw: 62 stones
Press: ? - help, Q - select action, (/) - cycle Shift-Dir - straight line, f/p - ogre
Aim: an ogre, wielding a +0 giant club (lightly wounded, 74% to hit)
You throw a stone.
The stone hits the ogre but does no damage.
The ogre is lightly wounded.
You closely miss the ogre.
The ogre is lightly wounded.
The ogre barely misses you.
You hit the ogre.
The ogre is moderately wounded.
You block the ogre's attack.
You hit the ogre.
The ogre is moderately wounded.
You block the ogre's attack.
You slash the ogre!
The ogre is heavily wounded.
The ogre hits you with a +0 giant club!!
Ouch! That really hurt!
You slash the ogre!
The ogre is almost dead.
You block the ogre's attack.
You barely miss the ogre.
The ogre is almost dead.
The ogre hits you with a +0 giant club!!
Ouch! That really hurt!
You die...

#.......... #..........
#...(......#
#...(<.....#
#...(......#
#...O......#
#...@......#
#..........#
#..........# .. ..
#..........# .##.#
#.....)....#
####...##########'##.###
......##.....###..<#.#
.............'.>..##.#
......#......##......#


You could see an ogre.

Vanquished Creatures
  Ijyb (D:3)
  Terence (D:3)
  2 adders
  A dart slug (D:3)
  A worm (D:2)
  4 endoplasms
  A giant cockroach (D:3)
  8 goblins
  5 hobgoblins
  7 kobolds
  3 quokkas
  7 ball pythons
  A bat (D:1)
  2 frilled lizards
  4 rats
48 creatures vanquished.

Notes
Turn   | Place    | Note
-------+----------+-------------------------------------------
     0 | D:1      | jlumianski the Demonspawn Fighter began the quest for the
                  | Orb.
     0 | D:1      | Reached XP level 1. HP: 18/18 MP: 1/1
   473 | D:1      | Gained mutation: You regenerate a little health from kills.
                  | [demonic ancestry]
   473 | D:1      | Reached XP level 2. HP: 22/24 MP: 2/2
   692 | D:2      | Found Orulac's Book Boutique.
   702 | D:2      | Reached skill level 3 in Armour
   868 | D:1      | Reached XP level 3. HP: 28/29 MP: 3/3
   880 | D:1      | Found a faded altar of an unknown god.
  1141 | D:5      | Entered Level 5 of the Dungeon
  2006 | D:3      | Noticed Ijyb
  2007 | D:3      | Paralysed by Ijyb for 3 turns
  2194 | D:3      | Paralysed by Ijyb for 5 turns
  2537 | D:3      | Paralysed by Ijyb for 3 turns
  2549 | D:3      | Killed Ijyb
  2550 | D:3      | Gained mutation: You have a somewhat thin skeletal
                  | structure. (Dex +2, Stealth+) [demonic ancestry]
  2550 | D:3      | Reached XP level 4. HP: 37/37 MP: 4/4
  2606 | D:3      | Noticed Terence
  2625 | D:3      | Killed Terence
  2626 | D:3      | Reached skill level 4 in Armour
  2818 | D:3      | Noticed an ogre
  2829 | D:3      | Mangled by an ogre

Illustrated notes

Levels and vault maps discovered:
D:1:      evilmike_arrival_hilbert_curve, layout_loops_ring,
          shapermc_ecumenical_altar_notcrosses
D:2:      layout_basic, serial_shops, nicolae_shop_trees,
          grunt_decor_one_mirror, minmay_misc_feat_tiny
D:3:      layout_basic, uniq_terence, uniq_ijyb, uniq_grinder
D:4:      layout_rooms, mainiacjoe_overflow_big_doors,
          nicolae_dithmenos_shadow_blocks
D:5:      layout_cave_pools

Skill      XL: |  1  2  3  4 |
---------------+-------------+-----
Armour         | 3 4 |  4.1
Axes           | 2 |  2.2
Fighting       | |  3.6
Dodging        | |  0.4
Stealth        | |  0.2
Shields        | |  2.9

Action                   |  1- 3 |  4- 6 || total
-------------------------+-------+-------++-------
Melee: War axe           |   121 |    27 ||   148
Throw: Stone             |     2 |     3 ||     5
  Use: Scroll            |     2 |       ||     2
       Potion            |     2 |       ||     2
Armor: Chain mail        |    75 |    12 ||    87
       Scale mail        |     7 |       ||     7
       Ring mail         |       |     1 ||     1
Dodge: Dodged            |    43 |    13 ||    56
Block: Buckler           |    26 |     6 ||    32

Table legend: (Time is in decaauts)
 A = Elapsed time spent in this place.
 B = Non-inter-level travel time spent in this place.
 C = Inter-level travel time spent in this place.
 D = Time resting spent in this place.
 E = Time spent auto-exploring this place.
 F = Levels seen in this place.
 G = Mean time per level.
                   A        B        C        D        E       F      G
               +--------+--------+--------+--------+--------+-----+--------+
         Total |   2906 |   2862 |     44 |    246 |   1541 |   5 |  581.2 |
       Dungeon |   2906 |   2862 |     44 |    246 |   1541 |   5 |  581.2 |
               +--------+--------+--------+--------+--------+-----+--------+

Top non-repeatable levels by time:
     D:2: 1225 daAuts
     D:1: 1019 daAuts
     D:3: 633 daAuts
     D:4: 16 daAuts
     D:5: 11 daAuts
